 Dungeon Crawl Stone Soup version 0.28.0 (webtiles) character file.

Game seed: 8237390531246202631

63 Sanktem7 the Slasher (level 3, -5/34 HPs)
             Began as a Minotaur Berserker on Feb 10, 2022.
             Was a Follower of Trog.
             Slain by a gnoll (6 damage)
             ... on level 2 of the Dungeon.
             The game lasted 00:02:00 (1663 turns).

Sanktem7 the Slasher (Minotaur Berserker)           Turns: 1663, Time: 00:02:01

Health: -5/34      AC:  2    Str: 23    XL:     3   Next: 89%
Magic:  2/2        EV: 12    Int:  4    God:    Trog [*.....]
Gold:   65         SH:  0    Dex:  9    Spells: 2/2 levels left

rFire   . . .      SeeInvis .   a - +0 falchion
rCold   . . .      Faith    .   (no shield)
rNeg    . . .      Spirit   .   b - +0 animal skin
rPois   .          Reflect  .   (helmet restricted)
rElec   .          Harm     .   (no cloak)
rCorr   .          Rampage  .   (no gloves)
Will    .....                   (no boots)
Stlth   +.........              (no amulet)
HPRegen 0.11/turn               (no ring)
MPRegen 0.08/turn               (no ring)

@: no status effects
A: horns 2, retaliatory headbutt
a: Renounce Religion, Berserk


You were on level 2 of the Dungeon.
You worshipped Trog.
Trog was aware of your devotion.
You visited 1 branch of the dungeon, and saw 2 of its levels.

You collected 65 gold pieces.

Inventory:

Hand Weapons
 a - a +0 falchion (weapon)
Armour
 b - a +0 animal skin (worn)
Scrolls
 c - a scroll of acquirement {unknown}
 e - 2 scrolls of identify {unknown}
 f - a scroll of noise {unknown}
 h - a scroll of teleportation {unknown}
 i - 2 scrolls of enchant armour {unknown}
 j - 3 scrolls of immolation {unknown}
Potions
 d - a potion of haste {unknown}
 g - a potion of degeneration {unknown}


   Skills:
 * Level 4.5 Fighting
 * Level 4.7 Long Blades
 * Level 3.0 Armour
 - Level 2.2 Dodging


You had 2 spell levels left.
You didn't know any spells.
Your spell library was empty.

Dungeon Overview and Level Annotations

Branches:
Dungeon (2/15)

Altars:


Innate Abilities, Weirdness & Mutations

You have a pair of horns on your head.
You reflexively headbutt those who attack you in melee.


Message History

You headbutt the gnoll!
You kill the gnoll!
Trog accepts your kill.
The gnoll hits you from afar with a +0 spear.
The gnoll barely misses you.
Things that are here:
a +0 flail; a gnoll corpse You hit the gnoll but do no damage.
You headbutt the gnoll.
The gnoll is lightly wounded.
You slash the gnoll!
The gnoll is severely wounded.
The gnoll hits you from afar with a +0 spear.
You slash the gnoll!
You kill the gnoll!
Trog accepts your kill.
The gnoll hits you from afar with a +0 spear!
Your Armour skill increases to level 3!
The gnoll barely misses you.
Things that are here:
a +0 flail; a gnoll corpse You hit the gnoll.
You headbutt the gnoll.
The gnoll is severely wounded.
The gnoll closely misses you.
You hit the gnoll. Your headbutt misses the gnoll.
The gnoll is almost dead.
The gnoll hits you with a +0 spear!
* * * LOW HITPOINT WARNING * * *
You closely miss the gnoll.
The gnoll is almost dead.
The gnoll hits you with a +0 spear.
* * * LOW HITPOINT WARNING * * *
You hit the gnoll.
You kill the gnoll!
Trog accepts your kill.
You closely miss the gnoll. Your punch misses the gnoll.
The gnoll barely misses you.
You slash the gnoll!
The gnoll is heavily wounded.
The gnoll hits you with a +3 whip.
You die...

#.........
#######.#####..#
#....##.# #..#
#....##.# #..#
###....##.#####..#
#.'....'..........
#.#....##.#####...
#)#######.........
#@# #.#####..# #g#
#.# #..>.. #.# #.#
...... #.# #.#
#... #.# #.## #..#
#.# #.... #..# #.#
#.###.#..# #.#
........†
.........


You could see a gnoll.

Vanquished Creatures
  3 gnolls (D:2)
  An adder (D:2)
  A dart slug (D:2)
  A ball python (D:2)
  3 bats
  5 hobgoblins
  A quokka (D:1)
  2 frilled lizards (D:1)
  3 goblins
  A kobold (D:1)
  2 rats (D:1)
23 creatures vanquished.

Notes
Turn   | Place    | Note
-------+----------+-------------------------------------------
     0 | D:1      | Sanktem7 the Minotaur Berserker began the quest for the
                  | Orb.
     0 | D:1      | Reached XP level 1. HP: 19/19 MP: 0/0
   565 | D:1      | Reached XP level 2. HP: 26/27 MP: 1/1
  1049 | D:2      | Found a faded altar of an unknown god.
  1449 | D:2      | Reached XP level 3. HP: 33/33 MP: 2/2
  1660 | D:2      | HP: 1/34 [gnoll (4)]
  1663 | D:2      | Slain by a gnoll

Illustrated notes

Levels and vault maps discovered:
D:1:      minmay_arrival_jagged, layout_basic
D:2:      layout_basic, ebering_ecumenical_altar_ruins,
          kennysheep_generic_room_3

Skill      XL: |  1  2  3 |
---------------+----------+-----
Long Blades    | 4 |  4.7
Fighting       | 4 |  4.5
Armour         | 3 |  3.0
Dodging        | |  2.2

Action                   || total
-------------------------++-------
Melee: Falchion          ||    52
       Punch             ||     1
       Headbutt          ||     4
 Stab: Sleeping          ||     1
Armor: Animal skin       ||     4
Dodge: Dodged            ||    36
